 Dungeon Crawl Stone Soup version 0.29.1-12-g30fa7ad0bf (webtiles) character file.

Game seed: 12358652327948801551

406 TackleBoy the Slasher (level 6, -7/70 (78) HPs)
             Began as a Draconian Berserker on Jan 2, 2023.
             Was a Believer of Trog.
             Mangled by a wight
             ... wielding a +4 battleaxe of freezing
              (17 damage)
             ... on level 6 of the Dungeon.
             The game lasted 00:15:26 (3204 turns).

TackleBoy the Slasher (Draconian Berserker)         Turns: 3204, Time: 00:15:26

HP:   -7/70 (78)    AC:  6    Str: 19    XL:     6   Next: 56%
MP:   6/6           EV: 12    Int: 10    God:    Trog [**....]
Gold: 167           SH:  0    Dex: 10    Spells: 5/5 levels left

rFire   . . .      SeeInvis .   a - +0 falchion (vamp)
rCold   + . .      Faith    .   (no shield)
rNeg    . . .      Spirit   .   (body armour unavailable)
rPois   .          Reflect  .   (helmet restricted)
rElec   .          Harm     .   (no cloak)
rCorr   .          Rampage  .   (no gloves)
Will    .....                   (no boots)
Stlth   ..........              (no amulet)
HPRegen 0.21/turn               (no ring)
MPRegen 0.10/turn               (no ring)

@: berserking, flying, drained, very quick
A: AC +6, unfitting armour, cold-blooded, big wings, cold resistance 1
a: Renounce Religion, Berserk, Trog's Hand


You were on level 6 of the Dungeon.
You worshipped Trog.
Trog was pleased with you.
You visited 1 branch of the dungeon, and saw 6 of its levels.

You collected 167 gold pieces.

Inventory:

Hand Weapons
 a - a +0 vampiric falchion (weapon)
 d - a +1 dagger of venom
Missiles
 g - a javelin (quivered)
 j - a throwing net
Wands
 i - a wand of polymorph (5)
Scrolls
 c - a scroll of enchant armour {unknown}
 f - 3 scrolls of magic mapping
 h - 2 scrolls of teleportation
 m - a scroll of noise {unknown}
 o - 4 scrolls of enchant weapon {unknown}
 s - a scroll of blinking {unknown}
Potions
 b - 4 potions of curing
 e - a potion of heal wounds
 k - a potion of brilliance
 l - a potion of cancellation {unknown}
 n - a potion of degeneration {unknown}
 p - a potion of lignification {unknown}
 q - 2 potions of attraction {unknown}
 r - a potion of experience {unknown}


   Skills:
 * Level 4.1 Fighting
 * Level 1.7(3.6) Short Blades
 * Level 5.1(5.2) Long Blades
 * Level 1.4 Throwing
 * Level 3.7 Dodging
 * Level 1.5 Stealth
 * Level 1.5 Evocations


You had 5 spell levels left.
You didn't know any spells.
Your spell library was empty.

Dungeon Overview and Level Annotations

Branches:
Dungeon (6/15)             Temple (0/1) D:4

Altars:


Innate Abilities, Weirdness & Mutations

Your plain brown scales are hard. (AC +6)
You cannot fit into any form of body armour.
You are cold-blooded and may be slowed by cold attacks.
Your large and strong wings let you fly.
Your flesh is cold resistant. (rC+)


Message History

The wight is heavily damaged.
The wight completely misses you.
You hit the wight. You tail-slap the wight.
The wight is severely damaged.
The wight hits you but does no damage.
You closely miss the wight. You tail-slap the wight.
The wight is severely damaged.
The wight barely misses you.
You hit the wight but do no damage.
The wight is severely damaged.
The wight hits you with a +5 flail!
You slash the wight!
You destroy the wight!
Trog accepts your kill.
Your Long Blades skill increases to level 5!
You barely miss the wight. The wight barely misses you.
A red film seems to cover your vision as you go berserk!
You feel yourself moving faster!
You feel mighty! The wight hits you with a +2 battleaxe.
You feel drained.
You hit the wight.
The wight is heavily damaged.
The wight misses you.
You hit the wight but do no damage.
Your tail-slap misses the wight.
The wight is heavily damaged.
You completely miss the wight.
The wight is heavily damaged.
You barely miss the wight. The wight hits you with a +2 battleaxe!
You feel drained. The wight barely misses you.
You slash the wight!
The wight is severely damaged.
You closely miss the wight.
The wight is severely damaged.
The wight hits you from afar with a +0 halberd!
The wight hits you with a +2 battleaxe. The wight hits you with a +0 halberd.
The wight hits you with a +2 battleaxe!
* * * LOW HITPOINT WARNING * * *
You feel drained.
* * * LOW HITPOINT WARNING * * *
The wight hits you with a +4 battleaxe of freezing!
You die...

.#.# .#.## ####....
#...... .. ... ...>..
#. #.# #.... ..#.#
#.#.# #
.#.#####.#z##.##...
..........@z.$..(.
#.#####.#z#####...
.#.####.###......).....
................####...
.##.###.#####.#.# .
#.#####...####. #
#.............
#.###...........#
#...#...........#


You could see 3 wights.

Vanquished Creatures
  A black bear (D:5)
  A scorpion (D:4)
  A wight (D:6)
  A gnoll bouda (D:5)
  An adder (D:3)
  6 gnolls
  A worm (D:3)
  3 dart slugs
  21 orcs
  2 bats
  7 endoplasms
  3 giant cockroaches
  3 goblins
  4 hobgoblins
  A quokka (D:3)
  2 ball pythons
  4 frilled lizards
  7 kobolds
  8 rats
77 creatures vanquished.

Notes
Turn   | Place    | Note
-------+----------+-------------------------------------------
     0 | D:1      | TackleBoy the Draconian Berserker began the quest for the
                  | Orb.
     0 | D:1      | Reached XP level 1. HP: 19/19 MP: 1/1
   597 | D:1      | Reached XP level 2. HP: 24/26 MP: 2/2
   685 | D:2      | Gained mutation: Your large and strong wings let you fly.
                  | [potion of mutation]
   685 | D:2      | Gained mutation: Your flesh is cold resistant. (rC+)
                  | [potion of mutation]
  1704 | D:1      | Noticed a great orb of eyes
  1706 | D:1      | Found a faded altar of an unknown god.
  1708 | D:1      | Noticed an eye of devastation
  1708 | D:1      | Noticed a floating eye
  1708 | D:1      | Noticed a great orb of eyes
  2064 | D:3      | Reached XP level 3. HP: 31/31 MP: 3/3
  2365 | D:3      | Reached ** piety under Trog
  2494 | D:3      | Reached XP level 4. HP: 38/38 MP: 4/4
  2528 | D:3      | Reached skill level 1 in Short Blades
  2652 | D:4      | Noticed a scorpion
  2678 | D:4      | Killed a scorpion
  2679 | D:4      | Reached skill level 4 in Long Blades
  2679 | D:4      | Reached skill level 1 in Stealth
  2679 | D:4      | Reached skill level 1 in Evocations
  2679 | D:4      | Reached XP level 5. HP: 45/46 MP: 5/5
  2842 | D:4      | Found a staircase to the Ecumenical Temple.
  2851 | D:4      | Reached skill level 1 in Throwing
  2940 | D:5      | Entered Level 5 of the Dungeon
  2953 | D:5      | Noticed a black bear
  2962 | D:5      | Killed a black bear
  2963 | D:5      | Reached XP level 6. HP: 52/52 MP: 6/6
  3196 | D:6      | Reached skill level 5 in Long Blades
  3204 | D:6      | Mangled by a wight

Illustrated notes

Levels and vault maps discovered:
D:1:      dpeg_arrival_connections, layout_basic,
          hellmonk_ecumenical_altar_watching_god
D:2:      layout_loops_ring, minivault_23
D:3:      layout_rooms, grunt_dithmenos_smoke_and_mirrors, minivault_11,
          hangedman_glass_teeth, mrwooster_statue_mirror
D:4:      layout_loops_cross, minmay_temple_entry_mini_moons
D:5:      layout_basic, grunt_temple_overflow_cloverleaf,
          hellmonk_bongcloud_opening
D:6:      layout_basic

Skill      XL: |  1  2  3  4  5  6 |
---------------+-------------------+-----
Dodging        | 3 |  3.7
Short Blades   | 1 |  1.7
Long Blades    | 4 5 |  5.1
Stealth        | 1 |  1.5
Evocations     | 1 |  1.5
Throwing       | 1 |  1.4
Fighting       | 4 |  4.1

Action                   |  1- 3 |  4- 6 || total
-------------------------+-------+-------++-------
Melee: Falchion          |   147 |   102 ||   249
       Tailslap          |    16 |    14 ||    30
       Dagger            |     2 |       ||     2
Throw: Javelin           |     6 |    10 ||    16
Invok: Berserk           |     2 |     6 ||     8
Evoke: Wand              |     2 |     1 ||     3
  Use: Scroll            |     9 |       ||     9
       Potion            |     1 |     3 ||     4
 Stab: Sleeping          |       |     1 ||     1
Armor: Skin              |    66 |    27 ||    93
Dodge: Dodged            |   115 |    63 ||   178
